 Dungeon Crawl Stone Soup version 0.30.1-11-g7821555f0a (webtiles) character file.

Game seed: 17540788704077887926

58 groovy9 the Covered (level 3, -2/34 HPs)
             Began as a Minotaur Fighter on Jan 11, 2024.
             Succumbed to a scorpion's poison
             ... on level 3 of the Dungeon.
             The game lasted 00:02:06 (1285 turns).

groovy9 the Covered (Minotaur Fighter)              Turns: 1285, Time: 00:02:06

Health: -2/34      AC:  7    Str: 22    XL:     3   Next: 75%
Magic:  2/2        EV:  9    Int:  5    God:
Gold:   122        SH:  4    Dex:  9    Spells: 2/2 levels left

rFire   . . .        a - +0 war axe
rCold   . . .        c - +0 buckler
rNeg    . . .        b - +0 scale mail
rPois   .            (helmet restricted)
rElec   .            (no cloak)
rCorr   .            (no gloves)
SInv    .            (no boots)
Will    .....        f - amulet of guardian spirit Stlth
                     (no ring)
HPRegen 0.25/turn    (no ring)
MPRegen 0.08/turn

%: guardian spirit
@: mighty, lethally poisoned (-2 -> -19)
A: horns 2, retaliatory headbutt
a: no special abilities


You were on level 3 of the Dungeon.
You visited 1 branch of the dungeon, and saw 3 of its levels.

You collected 122 gold pieces.

Inventory:

Hand Weapons
 a - a +0 war axe (weapon)
Armour
 b - a +0 scale mail (worn)
 c - a +0 buckler (worn)
Jewellery
 f - an amulet of guardian spirit (around neck)
Scrolls
 e - 2 scrolls of blinking {unknown}
 g - a scroll of immolation {unknown}
 h - a scroll of enchant armour {unknown}
 l - a scroll of identify {unknown}
Potions
 i - a potion of haste {unknown}
 j - a potion of curing {unknown}
 k - 2 potions of magic {unknown}


   Skills:
 + Level 4.3 Fighting
 * Level 3.6 Axes
 + Level 4.4 Armour
 - Level 3.6 Shields


You had 2 spell levels left.
You didn't know any spells.
Your spell library was empty.

Dungeon Overview and Level Annotations

Branches:
Dungeon (3/15)

Altars:


Innate Abilities, Weirdness & Mutations

You have a pair of horns on your head.
You reflexively headbutt those who attack you in melee.


Message History

You hit the kobold. Your headbutt misses the kobold.
The kobold is severely wounded.
The kobold completely misses you.
You closely miss the kobold.
The kobold is severely wounded.
The kobold barely misses you. You furiously retaliate!
You headbutt the kobold, but do no damage.
You closely miss the kobold.
The kobold is severely wounded.
You block the kobold's attack.
You barely miss the kobold. You headbutt the kobold.
You kill the kobold!
You hit the scorpion but do no damage. The scorpion stings you.
You are poisoned.
The scorpion poisons you! The scorpion barely misses you.
You closely miss the scorpion.
You feel very sick. The scorpion stings you.
The scorpion stings you but does no damage.
Okay, then.
You feel very mighty all of a sudden.
You feel very sick. The scorpion stings you.
You are lethally poisoned!
The scorpion poisons you!
You slash the scorpion!
The scorpion is severely wounded.
You feel very sick. The scorpion stings you.
You are more poisoned.
The scorpion poisons you!
You closely miss the scorpion.
The scorpion is severely wounded.
* * * LOW HITPOINT WARNING * * *
You feel extremely sick. You block the scorpion's attack.
The scorpion stings you but does no damage.
You barely miss the scorpion. Your headbutt misses the scorpion.
The scorpion is severely wounded.
You die...

.# #.# s ..#
#.#.# .#[## #
...#
#.###..####.##
###....s........
......)@<.......
...<...#.####.##
##..####.# .!!
#.# # ..# ###


You could see a scorpion.

Vanquished Creatures
  2 adders (D:2)
  5 endoplasms
  2 giant cockroaches
  5 goblins
  4 hobgoblins
  4 jackals (D:1)
  A quokka (D:2)
  2 ball pythons
  3 bats
  A frilled lizard (D:2)
  6 kobolds
  2 rats (D:2)
37 creatures vanquished.

Notes
Turn   | Place    | Note
-------+----------+-------------------------------------------
     0 | D:1      | groovy9 the Minotaur Fighter began the quest for the Orb.
     0 | D:1      | Reached XP level 1. HP: 19/19 MP: 0/0
   248 | D:1      | Reached XP level 2. HP: 26/27 MP: 1/1
   327 | D:1      | Found a faded altar of an unknown god.
   557 | D:2      | Reached XP level 3. HP: 33/33 MP: 2/2
  1275 | D:3      | Noticed a scorpion
  1285 | D:3      | Succumbed to a scorpion's poison

Illustrated notes

Levels and vault maps discovered:
D:1:      dpeg_arrival_renting, layout_rooms,
          hellmonk_ecumenical_altar_lost_god, minivault_19
D:2:      layout_loops_cross, hangedman_decor_push, minmay_door_square
D:3:      layout_loops_ring

Skill      XL: |  1  2 |
---------------+-------+-----
Armour         | 4 |  4.4
Fighting       | 4 |  4.3
Axes           | 3 |  3.6
Shields        | |  3.6

Action                     || total
---------------------------++-------
  Melee: War axe           ||    72
         Headbutt          ||    10
    Use: Potion            ||     1
 Armour: Scale mail        ||    30
  Dodge: Dodged            ||    39
  Block: Buckler           ||    14
